 Dungeon Crawl Stone Soup version bcrawl-1.34.5 (webtiles) character file.

Game seed: 620106764062643963

141575 KristoblXynda the Chopper (level 4, -1/36 HPs)
             Began as a Demonspawn Gladiator on Nov 8, 2021.
             Slain by a kobold
             ... wielding a cursed +0 dagger
              (3 damage)
             ... on level 2 of the Dungeon.
             The game lasted 00:01:14 (1463 turns).

KristoblXynda the Chopper (Demonspawn Gladiator)    Turns: 1463, Time: 00:01:15

Health: -1/36      AC:  5    Str: 16    XL:     4   Next: 11%
Magic:  4/4        EV: 13    Int:  9    God:
Gold:   79         SH:  0    Dex: 14    Spells: 3/3 levels left

rFire    . . .     SeeInvis .   a - +0 war axe
rCold    . . .     Gourm    .   (no shield)
rNeg     . . .     Faith    .   b - +0 leather armour
rPois    .         Spirit   .   c - +0 helmet
rElec    .         Reflect  .   (no cloak)
rCorr    .         Harm     .   (no gloves)
MR       .....                  (no boots)
Stlth    +.........             (no amulet)
HPRegen  0.12/turn              (no ring)
MPRegen  0.09/turn              (no ring)

@: no status effects
A: rugged brown scales 1, demonic guardian 1, powered by death 1
a: no special abilities


You were on level 2 of the Dungeon.
You were hungry.

You visited 1 branch of the dungeon, and saw 2 of its levels.

You collected 79 gold pieces.

Inventory:

Hand Weapons
 a - a +0 war axe (weapon)
 u - a +0 whip of flaming
Missiles
 d - 3 throwing nets {=f}
Armour
 b - a +0 leather armour (worn)
 c - a +0 helmet (worn)
Scrolls
 g - a scroll of amnesia {unknown}
 i - a scroll of identify
 j - a scroll of remove curse {unknown}
 p - 2 scrolls of blinking {unknown}
 q - a scroll of noise {unknown}
 s - 3 scrolls of enchant weapon {unknown}
Potions
 f - a potion of heal wounds
 h - a potion of haste {unknown}
 k - a potion of invisibility {unknown}
 l - 2 potions of might {unknown}
 m - a potion of cancellation {unknown}
 n - a potion of agility {unknown}
 o - a potion of curing {unknown}
 r - a potion of magic {unknown}
 t - a potion of ambrosia {unknown}
Comestibles
 e - a ration {!d}
 v - 3 chunks of flesh


   Skills:
 + Level 3.5 Fighting
 * Level 3.6 Axes
 - Level 2.0 Throwing
 + Level 3.2 Dodging


You had 3 spell levels left.
You didn't know any spells.
Your spell library was empty.

Dungeon Overview and Level Annotations

Branches:
Dungeon (2/12)

Altars:


Innate Abilities, Weirdness & Mutations

You are partially covered in rugged brown scales. (AC +1, +3% HP)
A weak demonic guardian rushes to your aid.
You regenerate a little health from kills.


Message History

You are too injured to fight recklessly!
You are too injured to fight recklessly!
No path to travel!
You closely miss the kobold. You slash the gnoll!
You kill the gnoll!
The kobold hits you but does no damage.
The gnoll hits you from afar with a +0 halberd!
Ouch! That really hurt!
* * * LOW HITPOINT WARNING * * *
The kobold barely misses you.
You have reached level 4!
You feel stronger.
Your demonic ancestry asserts itself...
You feel the presence of a demonic guardian.
You barely miss the kobold. The kobold closely misses you.
You are feeling hungry.
You closely miss the kobold.
The kobold hits you with a cursed +0 dagger.
* * * LOW HITPOINT WARNING * * *
The kobold hits you with a cursed +0 dagger.
You die...

.....≈......# ###.##.#
.....≈......# #..)...#
............####......#
......(.....#.........#
#####'##########.....##
......g....# #.....#
#########.## ###.###
#.########.#
#.....gK@..#
############


You could see a gnoll and a kobold.

Vanquished Creatures
  Terence (D:2)
  A gnoll (D:2)
  An ooze (D:2)
  3 leopard geckos (D:2)
  A giant cockroach (D:2)
  6 goblins
  2 hobgoblins (D:2)
  2 jackals (D:2)
  3 ball pythons
  3 bats
  4 kobolds
  4 rats
31 creatures vanquished.

Notes
Turn   | Place    | Note
-------+----------+-------------------------------------------
     0 | D:1      | KristoblXynda the Demonspawn Gladiator began the quest for
                  | the Orb.
     0 | D:1      | Reached XP level 1. HP: 18/18 MP: 1/1
   918 | D:1      | Gained mutation: You are partially covered in rugged brown
                  | scales. (AC +1, +3% HP) [demonic ancestry]
   918 | D:1      | Reached XP level 2. HP: 17/24 MP: 2/2
  1164 | D:2      | Gained mutation: You regenerate a little health from kills.
                  | [demonic ancestry]
  1164 | D:2      | Reached XP level 3. HP: 20/29 MP: 3/3
  1233 | D:2      | Noticed Terence
  1240 | D:2      | Killed Terence
  1449 | D:2      | HP: 1/29 [gnoll/+0 halberd (16)]
  1450 | D:2      | Gained mutation: A weak demonic guardian rushes to your
                  | aid. [demonic ancestry]
  1450 | D:2      | Reached XP level 4. HP: 2/36 MP: 4/4
  1461 | D:2      | HP: 1/36 [kobold/cursed +0 dagger (2)]
  1463 | D:2      | Slain by a kobold

Skill      XL: |  1  2 |
---------------+-------+-----
Throwing       | 2 |  2.0
Axes           | 3 |  3.6
Dodging        | 3 |  3.2
Fighting       | |  3.5

Action                   |  1- 3 |  4- 6 || total
-------------------------+-------+-------++-------
Melee: War axe           |    80 |     2 ||    82
  Eat: Chunk             |     4 |       ||     4
Armor: Leather armour    |    28 |       ||    28
Dodge: Dodged            |    59 |     1 ||    60
